 Dungeon Sprint DCSS version 0.21.2 (webtiles) character file.

26568 Fang the Executioner (level 13, -13/145 HPs)
             Began as a Gargoyle Berserker on Oct 29, 2018.
             Was the Champion of Trog.
             Killed from afar by an orb of fire (75 damage)
             ... with a fireball
             ... in the Dungeon (Sprint VII: "The Pits") on Dec 19, 2018.
             The game lasted 00:19:13 (4381 turns).

Fang the Executioner (Gargoyle Berserker)           Turns: 4381, Time: 00:19:14

Health: -13/145    AC: 28    Str: 28 (29) XL:     13   Next: 26%
Magic:  13/13      EV: 12    Int: 10      God:    Trog [******]
Gold:   0          SH:  0    Dex:  9      Spells: 12/12 levels left

rFire    . . .     SeeInvis .   v - +8 frozen axe "Frostbite" {freezing cloud, *Noise +Fly rC+}
rCold    + . .     Gourm    .   (shield currently unavailable)
rNeg     + . .     Faith    .   n - +3 chain mail
rPois    ∞         Spirit   .   (no helmet)
rElec    +         Reflect  .   (no cloak)
rCorr    .         Harm     .   (no gloves)
MR       .....     NoTele   +   (no boots)
Stlth    ..........             (no amulet)
HPRegen  0.34/turn              r - +3 ring of protection
MPRegen  0.13/turn              t - +3 ring of protection

@: berserking (expiring), very quick
A: blurry vision 1, deformed body, deterioration 2, negative energy resistance
1, electricity resistance, unbreathing, petrification resistance, rot immunity,
AC +9
a: Berserk, Trog's Hand, Brothers in Arms, Burn Spellbooks, Renounce Religion,
Evoke Flight


You were in the Dungeon.
You worshipped Trog.
Trog was exalted by your worship.
You were not hungry.

You visited 1 branch

Inventory:

Hand Weapons
 b - the +4 hand axe of the Original Sin {drain, rC+ Dex+4}
   (Trog gifted it to you in the Dungeon)

   A truly terrible weapon, it drains the life of those it strikes.
   It affects your dexterity (+4).
   It protects you from cold.
 j - the +6 hand axe of Pride {freeze, *Contam rElec Int+2}
   (Trog gifted it to you in the Dungeon)

   It has been specially enchanted to freeze those struck by it, causing extra
   injury to most foes and up to half again as much damage against particularly
   susceptible opponents.
   It can also slow down cold-blooded creatures.
   It affects your intelligence (+2).
   It insulates you from electricity.
   It causes magical contamination when unequipped.
 m - a +7 antimagic battleaxe
 o - a +5 antimagic battleaxe
 p - a +2 executioner's axe of chopping
 q - a +2 war axe of freezing
 v - the +8 frozen axe "Frostbite" (weapon) {freezing cloud, *Noise +Fly rC+}
   (Trog gifted it to you in the Dungeon)

   It has been specially enchanted to freeze those struck by it, causing extra
   injury to most foes and up to half again as much damage against particularly
   susceptible opponents.
   It can also slow down cold-blooded creatures.
   It protects you from cold.
   It lets you fly.
   It may make noises in combat.
 D - a +3 antimagic executioner's axe
Armour
 n - a +3 chain mail (worn)
Jewellery
 r - a +3 ring of protection (left hand)
 t - a +3 ring of protection (right hand)
Scrolls
 i - 2 scrolls of blinking
 k - 6 scrolls of remove curse
 l - a scroll of summoning
 w - 4 scrolls of fog
 x - a scroll of fear
 y - 2 scrolls of enchant weapon
Potions
 a - 2 potions of invisibility
 d - 7 potions of curing
 e - 18 potions of heal wounds
 f - 2 potions of haste
 g - 4 potions of magic
 h - 6 potions of berserk rage
 s - 2 potions of might
 u - a potion of agility
 z - a potion of brilliance
Comestibles
 c - 8 rations


   Skills:
 + Level 18.1 Fighting
 + Level 21.4 Axes
 + Level 14.8 Armour
 + Level 6.9 Dodging
 + Level 4.1 Stealth


You had 12 spell levels left.
You didn't know any spells.

Dungeon Overview and Level Annotations

Branches:
Dungeon (1/1)

Altars:
Ashenzari
Cheibriados
Dithmenos
Elyvilon
Fedhas
Gozag
Hepliaklqana
Kikubaaqudgha
Makhleb
Nemelex Xobeh
Okawaru
Qazlal
Ru
Sif Muna
Trog
Uskayaw
Vehumet
Wu Jian
Xom
Yredelemnul
Zin
The Shining One
Beogh
Jiyva
Lugonu


Innate Abilities, Weirdness & Mutations

You are resistant to torment.
Your stone body is resilient. (AC +9)
You are immune to poison.
You resist negative energy. (rN+)
You are resistant to electric shocks. (rElec)
You can survive without breathing.
You are immune to petrification.
You are immune to rotting.
Scrolls take you a little longer to read.
Armour fits poorly on your strangely shaped body.
Your body often deteriorates upon taking damage.


Message History

The orb of fire glows deep purple.
The bolt of fire misses you.
You miss the orb of fire.
The orb of fire is moderately damaged.
The orb of fire glows yellow.
The fireball explodes!
The fireball engulfs you!
Ouch! That really hurt!
Your body deteriorates!
You feel weakened.
The fireball engulfs the orb of fire.
The orb of fire completely resists.
You hear a sizzling sound!
You are too injured to fight recklessly!
You closely miss the orb of fire.
The orb of fire is moderately damaged.
Unknown command.
You slice the orb of fire!!
The orb of fire is moderately damaged.
The orb of fire glows deep purple.
The fireball explodes!
The fireball engulfs you!
Ouch! That really hurt!
You die...

#+# #.# #*# #@#
#'# #(# #'# #.#
#'# #)# #'#
################'#


You could see an orb of fire.

Vanquished Creatures
  An orb of fire (D)
  A frost giant (D)
  A minotaur (D)
  A yaktaur captain (D)
  A hydra (D)
  A merfolk avatar (D)
  5 death yaks (D)
  2 deep elf knights (D)
  A sixfirhy (D)
  A sea snake (D)
  A flayed ghost (D)
  5 deep elf magi (D)
  An elephant (D)
  2 smoke demons (D)
  2 gargoyles (D)
  A rime drake (D)
  2 guardian mummies (D)
  A tormentor (D)
  2 trolls (D)
  A wind drake (D)
  5 blink frogs (D)
  7 dream sheep (D)
  3 yaks (D)
  A shadow (D)
  A basilisk (D)
  2 steam dragons (D)
  2 vampire mosquitoes (D)
  A soldier ant (D)
  A floating eye (D)
  5 hell hounds (D)
  A porcupine (D)
  Purgy (D)
  An ice beast (D)
  A phantom (D)
  A necrophage (D)
  7 wolves (D)
  2 centaurs (D)
  A crocodile (D)
  2 big kobolds (D)
  A bullfrog (D)
  A gnoll sergeant (D)
  6 killer bees (D)
  2 quasits (D)
  2 jellies (D)
  An orc priest (D)
  An iron imp (D)
  An orc wizard (D)
  2 worker ants (D)
  A mummy (D)
  5 gnolls (D)
  An adder (D)
  A white imp (D)
  A worm (D)
  A leopard gecko (D)
  4 orcs (D)
  A bat zombie (D)
  2 goblins (D)
  A hobgoblin (D)
  4 jackals (D)
  2 ball pythons (D)
  A bat (D)
  A jackal skeleton (D)
  A jackal zombie (D)
122 creatures vanquished.

Vanquished Creatures (others)
  A quasit (D)
1 creature vanquished.

Grand Total: 123 creatures vanquished

Notes
Turn   | Place    | Note
-------+----------+-------------------------------------------
     0 | D        | Fang the Gargoyle Berserker began the quest for the Orb.
     0 | D        | Reached XP level 1. HP: 14/14 MP: 1/1
    21 | D        | Found a bloodstained altar of Trog.
    21 | D        | Found a deep blue altar of Sif Muna.
    21 | D        | Found a viscous altar of Jiyva.
    21 | D        | Found a hazy altar of Hepliaklqana.
    21 | D        | Found an opulent altar of Gozag.
    22 | D        | Found a glowing golden altar of the Shining One.
    22 | D        | Found a glowing silver altar of Zin.
    22 | D        | Found a basalt altar of Yredelemnul.
    22 | D        | Found a shimmering altar of Xom.
    22 | D        | Found an ornate altar of the Wu Jian Council.
    22 | D        | Found a sacrificial altar of Ru.
    22 | D        | Found a stormy altar of Qazlal.
    22 | D        | Found an iron altar of Okawaru.
    22 | D        | Found a sparkling altar of Nemelex Xobeh.
    22 | D        | Found a burning altar of Makhleb.
    22 | D        | Found a blossoming altar of Fedhas.
    22 | D        | Found a white marble altar of Elyvilon.
    22 | D        | Found a shadowy altar of Dithmenos.
    22 | D        | Found a snail-covered altar of Cheibriados.
    24 | D        | Found a radiant altar of Vehumet.
    24 | D        | Found a corrupted altar of Lugonu.
    24 | D        | Found a roughly hewn altar of Beogh.
    89 | D        | Reached skill level 3 in Axes
    93 | D        | Reached ** piety under Trog
    99 | D        | Reached XP level 2. HP: 13/20 MP: 2/2
   210 | D        | Noticed Purgy
   220 | D        | Killed Purgy
   220 | D        | Reached *** piety under Trog
   220 | D        | Reached skill level 5 in Axes
   220 | D        | Reached XP level 3. HP: 12/28 MP: 3/3
   220 | D        | Reached XP level 4. HP: 14/32 MP: 4/4
   230 | D        | Reached **** piety under Trog
   464 | D        | Reached skill level 6 in Axes
   464 | D        | Reached XP level 5. HP: 32/38 MP: 5/5
   486 | D        | Noticed a necrophage
   486 | D        | Noticed a phantom
   492 | D        | Reached ***** piety under Trog
   492 | D        | Reached skill level 7 in Axes
   496 | D        | Killed a necrophage
   496 | D        | Reached skill level 5 in Armour
   496 | D        | Reached XP level 6. HP: 44/45 MP: 6/6
   501 | D        | Received a gift from Trog
   501 | D        | Reached skill level 8 in Axes
   536 | D        | Killed a phantom
   666 | D        | Reached skill level 9 in Axes
   666 | D        | Reached XP level 7. HP: 39/52 MP: 2/7
   745 | D        | Noticed a soldier ant
   765 | D        | Killed a soldier ant
   765 | D        | Reached skill level 10 in Fighting
   875 | D        | Noticed a deep elf mage
   882 | D        | Killed a deep elf mage
   882 | D        | Reached skill level 11 in Axes
   882 | D        | Reached skill level 5 in Dodging
   882 | D        | Reached skill level 1 in Stealth
   882 | D        | Reached XP level 8. HP: 58/58 MP: 2/8
   889 | D        | Received a gift from Trog
   904 | D        | Noticed a smoke demon
   915 | D        | Killed a smoke demon
   915 | D        | Reached skill level 12 in Axes
  1183 | D        | Found a hide-covered altar of Uskayaw.
  1183 | D        | Found an ancient bone altar of Kikubaaqudgha.
  1183 | D        | Found a shattered altar of Ashenzari.
  1210 | D        | Noticed a blink frog
  1210 | D        | Noticed a blink frog
  1210 | D        | Noticed a blink frog
  1210 | D        | Noticed a blink frog
  1210 | D        | Noticed a blink frog
  1216 | D        | Killed a blink frog
  1216 | D        | Reached ****** piety under Trog
  1216 | D        | Reached XP level 9. HP: 49/64 MP: 9/9
  1218 | D        | Reached skill level 10 in Armour
  1237 | D        | Received a gift from Trog
  1237 | D        | Reached skill level 13 in Axes
  1242 | D        | Got a slimy hand axe {god gift}
  1243 | D        | Identified the +4 hand axe of the Original Sin {drain, rC+ Dex+4} (Trog gifted it to you in the Dungeon)
  1509 | D        | Received a gift from Trog
  1517 | D        | Reached skill level 14 in Axes
  1653 | D        | Noticed a guardian mummy
  1657 | D        | Reached XP level 10. HP: 67/71 MP: 10/10
  1662 | D        | Received a gift from Trog
  1676 | D        | Got a smoking hand axe {god gift}
  1677 | D        | Identified the +6 hand axe of Pride {freeze, *Contam rElec Int+2} (Trog gifted it to you in the Dungeon)
  1922 | D        | Received a gift from Trog
  1923 | D        | Found the +8 frozen axe "Frostbite" {freezing cloud, *Noise +Fly rC+}
  1927 | D        | Noticed a flayed ghost
  1934 | D        | Reached skill level 15 in Axes
  1937 | D        | Killed a flayed ghost
  1940 | D        | Gained mutation: Your body sometimes deteriorates upon taking damage. [mutagenic glow]
  2120 | D        | Noticed a deep elf mage
  2120 | D        | Noticed a deep elf mage
  2120 | D        | Noticed a deep elf knight
  2120 | D        | Noticed a deep elf mage
  2122 | D        | Noticed a deep elf knight
  2127 | D        | Killed a deep elf knight
  2131 | D        | Killed a deep elf mage
  2131 | D        | Received a gift from Trog
  2131 | D        | Killed a deep elf knight
  2131 | D        | Reached skill level 16 in Axes
  2131 | D        | Reached XP level 11. HP: 80/80 MP: 11/11
  2133 | D        | Killed a deep elf mage
  2135 | D        | Noticed a merfolk avatar
  2138 | D        | Killed a deep elf mage
  2139 | D        | Received a gift from Trog
  2145 | D        | Killed a merfolk avatar
  2145 | D        | Received a gift from Trog
  2217 | D        | Noticed a sixfirhy
  2221 | D        | Killed a sixfirhy
  2467 | D        | Paralysed by a floating eye for 3 turns
  2468 | D        | Noticed a minotaur
  2472 | D        | Reached skill level 15 in Fighting
  2472 | D        | Reached skill level 17 in Axes
  2474 | D        | Received a gift from Trog
  2480 | D        | Received a gift from Trog
  2485 | D        | Killed a minotaur
  2485 | D        | Received a gift from Trog
  2485 | D        | Reached skill level 18 in Axes
  2988 | D        | Noticed a sea snake
  2995 | D        | Killed a sea snake
  2995 | D        | Reached XP level 12. HP: 88/88 MP: 12/12
  3005 | D        | Received a gift from Trog
  3055 | D        | Noticed a six-headed hydra
  3060 | D        | Killed an eight-headed hydra
  3085 | D        | Received a gift from Trog
  3085 | D        | Reached skill level 19 in Axes
  3347 | D        | Noticed a death yak
  3349 | D        | Noticed a death yak
  3356 | D        | Killed a death yak
  3359 | D        | Killed a death yak
  3359 | D        | Received a gift from Trog
  3436 | D        | Noticed a death yak
  3437 | D        | Noticed a death yak
  3437 | D        | Noticed a death yak
  3443 | D        | Killed a death yak
  3444 | D        | Killed a death yak
  3445 | D        | Killed a death yak
  3775 | D        | Received a gift from Trog
  3908 | D        | Noticed an orb of fire
  3909 | D        | Gained mutation: Your body often deteriorates upon taking damage. [an orb of fire]
  3921 | D        | Killed an orb of fire
  3921 | D        | Reached skill level 21 in Axes
  3921 | D        | Reached XP level 13. HP: 46/97 MP: 7/13
  3925 | D        | Gained mutation: Scrolls take you a little longer to read. [mutagenic glow]
  3962 | D        | Gained mutation: Armour fits poorly on your strangely shaped body. [mutagenic glow]
  4169 | D        | Noticed a frost giant
  4178 | D        | Killed a frost giant
  4284 | D        | Noticed a yaktaur captain
  4289 | D        | Killed a yaktaur captain
  4289 | D        | Received a gift from Trog
  4375 | D        | Noticed an orb of fire
  4381 | D        | Killed from afar by an orb of fire

Skill      XL: |  1  2  3  4  5  6  7  8  9 10 11 12 13 |
---------------+----------------------------------------+-----
Axes           | 3 5 6 7 9 11 12 14 16 18 21 | 21.4
Fighting       | 4 6 7 8 9 10 11 12 14 15 17 18 | 18.1
Dodging        | 2 3 4 5 6 |  6.9
Armour         | 3 5 6 8 9 11 12 13 14 | 14.8
Stealth        | 1 2 3 4 |  4.1

Action                   |  1- 3 |  4- 6 |  7- 9 | 10-12 | 13-15 || total
-------------------------+-------+-------+-------+-------+-------++-------
Melee: Hand axe          |    24 |    52 |    22 |    56 |       ||   154
       Battleaxe         |       |     9 |    35 |       |       ||    44
       Executioner's axe |       |       |    26 |   104 |    11 ||   141
Invok: Berserk           |     1 |     1 |     2 |     5 |     4 ||    13
       Burn Spellbooks   |       |       |       |     1 |       ||     1
       Brothers in Arms  |       |       |       |       |     1 ||     1
  Eat: Chunk             |       |     1 |     6 |    10 |     5 ||    22
       Ration            |       |       |       |       |     1 ||     1
Armor: Animal skin       |    12 |     1 |       |       |       ||    13
       Chain mail        |       |    31 |    79 |   144 |       ||   254
Dodge: Dodged            |    24 |    24 |    56 |    90 |     6 ||   200
